 Dungeon Crawl Stone Soup version 0.31-a0-1071-gaead2f62b1 (webtiles) character file.

Game seed: 4876954275000877678

12584 timneilson the Covert (level 11, -1/78 HPs)
             Began as an Octopode Shapeshifter on Nov 26, 2023.
             Was an Initiate of Gozag.
             Slain by a howler monkey (3 damage)
             ... on level 10 of the Dungeon.
             The game lasted 00:36:06 (10698 turns).

timneilson the Covert (Octopode Shapeshifter)      Turns: 10698, Time: 00:36:06

Health: -1/78      AC:  5    Str: 18    XL:     11   Next: 95%
Magic:  14/14      EV: 23    Int: 12    God:    Gozag
Gold:   998        SH:  5    Dex: 18    Spells: 14/14 levels left

rFire   + .          .
                       - Unarmed
rCold   . . .        v - melded +1 kite shield
rNeg    + . .        (helmet restricted)
rPois   +            f - amulet of reflection
rElec   +            i - +5 ring of evasion
rCorr   .            l - ring "Hoem" {rPois rF+ rN+ AC+4}
SInv    .            n - ring of wizardry
Will    .....        C - ring "Koerph Gycel" {rElec rPois Dex+6}
Stlth   ++           (no ring)
HPRegen 0.33/turn    (no ring)
MPRegen 0.14/turn    (no ring)
                     (no ring)

%: reflection, wizardry (x1)
@: flux-form, gold aura, glowing
A: glow, contaminating, almost no armour, amphibious, 8 rings, camouflage 1,
gelatinous body 1, (nimble swimmer 1), tentacles
a: Begin Untransformation, Renounce Religion, Potion Petition, Call Merchant,
Bribe Branch


You were on level 10 of the Dungeon.
You worshipped Gozag.
Gozag was pleased with you.
You were something dangerously unstable.
You visited 2 branches of the dungeon, and saw 11 of its levels.
You also visited: Sewer and Bailey.

You collected 2182 gold pieces.
You spent 1094 gold pieces at shops.
You paid 90 gold pieces to Gozag.

Inventory:

Missiles
 j - 9 throwing nets
Armour
 v - a +1 kite shield (melded)
Jewellery
 f - an amulet of reflection (around mantle)
 i - a +5 ring of evasion (left tentacle)
 l - the ring "Hoem" (right tentacle) {rPois rF+ rN+ AC+4}
   (You found it on level 4 of the Dungeon)

   [ring of protection]

   AC+4:      It affects your AC (+4).
   rF+:       It protects you from fire.
   rPois:     It protects you from poison rN+: It protects you from negative
   energy.
 n - a ring of wizardry (on tentacle)
 C - the ring "Koerph Gycel" (on tentacle) {rElec rPois Dex+6}
   (You bought it in a shop on level 1 of the Dungeon)

   [ring of dexterity]

   Dex+6:     It affects your dexterity (+6).
   rElec:     It insulates you from electricity.
   rPois:     It protects you from poison
Talismans
 b - a beast talisman
 c - a flux talisman (active)
Wands
 u - a wand of flame (23)
 x - a wand of roots (17)
 z - a wand of paralysis (8)
Scrolls
 e - 5 scrolls of enchant weapon
 p - 7 scrolls of teleportation
 r - a scroll of vulnerability
 y - a scroll of fear
 A - a scroll of immolation
 E - a scroll of identify
Potions
 a - 4 potions of lignification
 d - 2 potions of attraction
 g - 6 potions of curing
 h - a potion of enlightenment
 k - a potion of resistance
 m - a potion of berserk rage
 o - a potion of heal wounds
 q - a potion of invisibility
 s - 2 potions of mutation
 t - 4 potions of brilliance
 w - 2 potions of might
 B - 2 potions of ambrosia
 D - a potion of cancellation
Miscellaneous
 F - a tin of tremorstones (inert)


   Skills:
 * Level 8.3 Fighting
 * Level 8.5 Dodging
 + Level 9.0 Stealth
 + Level 3.8 Shields
 * Level 9.0 Unarmed Combat
 + Level 2.2 Spellcasting
 + Level 4.2 Evocations
 * Level 8.2 Shapeshifting


You had 14 spell levels left.
You didn't know any spells.
Your spell library contained the following spells:

 Spells                   Type           Power      Damage    Failure   Level
 Apportation              Tloc           2%         N/A       11%         1
 Magic Dart               Conj           4%         1d3       11%         1
 Necrotise                Necr           4%         1d4       11%         1
 Shock                    Conj/Air       4%         1d3       11%         1
 Summon Small Mammal      Summ           4%         N/A       11%         1
 Ensorcelled Hibernation  Hex/Ice        2%         N/A       16%         2
 Jinxbite                 Hex            2%         N/A       16%         2
 Poisonous Vapours        Pois/Air       2%         N/A       16%         2
 Call Canine Familiar     Summ           1%         N/A       32%         3
 Dazzling Flash           Conj/Hex       2%         N/A       32%         3
 Hailstorm                Conj/Ice       1%         3d3       32%         3
 Ozocubu's Armour         Ice            1%         N/A       32%         3
 Summon Guardian Golem    Hex/Summ       1%         N/A       32%         3
 Swiftness                Air            1%         N/A       32%         3
 Airstrike                Air            0%         2d(1-17)  69%         4
 Anguish                  Hex/Necr       0%         N/A       69%         4
 Summon Ice Beast         Ice/Summ       1%         N/A       69%         4
 Agony                    Necr           1%         N/A       95%         5
 Silence                  Hex/Air        0%         N/A       95%         5
 Ozocubu's Refrigeration  Ice            0%         4d7       100%        7
 Lehudib's Crystal Spear  Conj/Erth      0%         10d2      100%        8
 Simulacrum               Ice/Necr       Unusable   N/A       N/A         6

Dungeon Overview and Level Annotations

Branches:
Dungeon (10/15)            Temple (1/1) D:7            Lair (0/5) D:9
    Orc (0/2) D:10          Sewer (visited)          Bailey (visited)

Altars:
Ashenzari
Cheibriados
Dithmenos
Elyvilon
Fedhas
Gozag
Hepliaklqana
Kikubaaqudgha
Makhleb
Nemelex Xobeh
Okawaru
Qazlal
Ru
Sif Muna
Trog
Uskayaw
Vehumet
Wu Jian
Xom
Yredelemnul
Zin
The Shining One

Shops:
D:1 =   D:9 :

Annotations:
D:10 Joseph, Urug


Innate Abilities, Weirdness & Mutations

You are something dangerously unstable.
You glow with magical radiation, making you easy to see and hit.
Foes you strike become dangerously contaminated with magical radiation.
You are incapable of wielding weapons or throwing items.
You cannot wear most types of armour.
You are amphibious.
You can wear up to eight rings at the same time.
Your skin changes colour to match your surroundings (Stealth+).
Your rubbery body absorbs attacks. (AC +1, EV +1)
((You are camouflaged when in or above water. (Stealth+)))
You have tentacles for arms and can constrict up to eight enemies at once.


Message History

You tentacle-slap the two-headed ogre.
The two-headed ogre glows dangerously bright.
The two-headed ogre is severely wounded.
Urug throws a javelin.
The javelin closely misses you.
The javelin pierces through the two-headed ogre!!
The two-headed ogre dies!
Your Stealth skill increases to level 9!
Your Unarmed Combat skill increases to level 9!
Urug throws a javelin.
The javelin closely misses you.
Joseph, a Mercenary comes into view.
He is wielding a +0 quarterstaff.
You block Urug's attack. Urug completely misses you.
Joseph shouts!
You tentacle-slap Urug.
Urug begins to glow.
You grab Urug.
Urug is lightly wounded.
You constrict Urug. Urug closely misses you.
You tentacle-slap Urug but do no damage.
Urug glows dangerously bright.
Urug is lightly wounded.
You constrict Urug.
Joseph unwields a +0 quarterstaff.
Joseph wields a +0 sling.
Joseph shoots a sling bullet.
You block the sling bullet with an invisible shield... and reflect it back!
The sling bullet hits Joseph!
Urug winks... or blinks.
Urug hits you with a +1 demon trident of pain!!
* * * LOW HITPOINT WARNING * * *
You tentacle-slap Urug.
Urug shudders as magic cascades through her!
Urug twists and deforms.
You squeeze Urug.
Urug is heavily wounded.
You constrict Urug.
Unknown command.
You tentacle-slap Urug.
Urug begins to glow.
Urug is heavily wounded.
You constrict Urug.
Urug hits you with a +1 demon trident of pain!!
* * * LOW HITPOINT WARNING * * *
The howler monkey hits you.
You die...
Your body crumbles into a pile of gold.

#.#..............#..~~~~~≈≈##.#.
#................#~~~~...~## .#.
###############~~≈~~............
.......~≈≈≈.#....###.###.
####~~~~#~~##.#+.# ..z.#.
##~~~~.......#..#.....#
≈≈≈~@......####..... ....
~~~~........###..#. .#.
.~≈....oph...$$..#
.......z...###$### ...........#
8.. ...........# ..h#
######'##.. 8.8.. #. #.#. ...#..
#. #.#..8..#... #. #.# #.### #.


You could see Urug (contam, misshapen), Joseph, a skeletal warrior and a howler
monkey.

Vanquished Creatures
  An ugly thing (D:7)
  A manticore (D:7)
  The ghost of ShellytheWitch the Sneak, a novice KoBr of Dithmenos (D:5)
  Maggie (D:7)
  A komodo dragon (D:10)
  2 kobold demonologists (D:10)
  A freezing wraith (D:10)
  Jeremiah (D:7)
  An efreet (D:9)
  3 hornets
  Prince Ribbit (D:5)
  A slime creature (D:7)
  A shadow (D:10)
  2 wraiths (D:9)
  Grum (Bailey)
  5 yaks (D:9)
  2 basilisks (D:9)
  3 acid dragons
  Duvessa (D:4)
  4 water moccasins
  3 ice beasts
  3 sky beasts
  Pargi (Sewer)
  2 orc warriors (D:10)
  4 black bears
  An ogre (D:4)
  4 centaurs
  5 wolves (Bailey)
  3 phantoms
  Blork the orc (D:6)
  A kobold brigand (D:6)
  8 bullfrogs
  8 gnoll sergeants
  A scorpion (D:3)
  4 wights
  5 killer bees (D:7)
  Dowan (D:4)
  2 electric eels (D:10)
  7 howler monkeys
  5 hounds
  Crazy Yiuf (D:4)
  6 gnoll boudas
  7 orc priests
  4 jellies
  2 sleepcaps
  5 iguanas
  7 orc wizards
  9 adders
  36 gnolls
  A shadow imp (D:6)
  3 white imps
  2 worms (D:2)
  3 dart slugs
  34 orcs
  7 ball pythons
  13 endoplasms
  8 giant cockroaches
  11 goblins
  12 hobgoblins
  9 jackals
  6 kobolds
  10 quokkas
  4 bats
  5 frilled lizards
  A rat (D:2)
309 creatures vanquished.

Vanquished Creatures (others)
  A two-headed ogre (D:10)
1 creature vanquished.

Grand Total: 310 creatures vanquished

Notes
Turn   | Place    | Note
-------+----------+-------------------------------------------
     0 | D:1      | timneilson the Octopode Shapeshifter began the quest for
                  | the Orb.
     0 | D:1      | Reached XP level 1. HP: 13/13 MP: 1/1
   127 | D:1      | Found Dicuheupt's Jewellery Shoppe.
   157 | D:1      | Reached XP level 2. HP: 8/18 MP: 2/2
   259 | D:1      | Found a faded altar of an unknown god.
   278 | D:1      | Reached skill level 1 in Stealth
   463 | D:1      | Reached XP level 3. HP: 20/23 MP: 3/3
  1037 | D:2      | Got the Grimoire of Trauma and Venom
  1151 | D:2      | Found a shimmering altar of Xom.
  1282 | D:2      | Reached XP level 4. HP: 18/29 MP: 4/4
  2021 | D:3      | Found a glowing drain.
  2058 | D:3      | Reached XP level 5. HP: 34/34 MP: 5/5
  2061 | Sewer    | Entered a sewer
  2114 | Sewer    | Noticed Pargi
  2123 | Sewer    | Killed Pargi
  2265 | D:3      | Reached XP level 6. HP: 35/41 MP: 6/6
  2534 | D:4      | Noticed a black bear
  2638 | D:3      | Killed a black bear
  2668 | D:4      | Reached XP level 7. HP: 34/46 MP: 7/7
  2701 | D:4      | Found a snail-covered altar of Cheibriados.
  2701 | D:4      | Found a faded altar of an unknown god.
  2706 | D:4      | Found an ancient bone altar of Kikubaaqudgha.
  2708 | D:4      | Found a burning altar of Makhleb.
  2709 | D:4      | Found a bloodstained altar of Trog.
  2901 | D:4      | Noticed Dowan
  2902 | D:4      | Noticed Duvessa
  2921 | D:4      | Killed Dowan
  2958 | D:4      | Killed Duvessa
  2959 | D:4      | Reached skill level 5 in Unarmed Combat
  2959 | D:4      | Reached XP level 8. HP: 28/54 MP: 8/8
  3162 | D:4      | Found a runed translucent door.
  3163 | D:4      | Noticed Crazy Yiuf
  3169 | D:4      | Killed Crazy Yiuf
  3330 | D:4      | Identified the ring "Hoem" {rPois rF+ rN+ AC+4}
  3420 | D:5      | Entered Level 5 of the Dungeon
  3630 | D:5      | Reached skill level 5 in Shapeshifting
  3639 | D:5      | Found an opulent altar of Gozag.
  3639 | D:5      | Found a white marble altar of Elyvilon.
  3698 | D:5      | Became a worshipper of Gozag Ym Sagoz the Greedy
  3886 | D:5      | Found a runed translucent door.
  3886 | D:5      | Noticed ShellytheWitch's ghost (novice KoBr)
  3905 | D:5      | Reached skill level 5 in Dodging
  4119 | D:4      | Reached skill level 5 in Stealth
  4182 | D:5      | Noticed Prince Ribbit
  4203 | D:5      | Killed Prince Ribbit
  4204 | D:5      | Reached skill level 5 in Fighting
  4361 | D:5      | Found a stormy altar of Qazlal.
  4427 | D:5      | Reached XP level 9. HP: 41/61 MP: 9/9
  4780 | D:6      | Noticed Blork the orc
  4788 | D:6      | Killed Blork the orc
  5099 | D:1      | Bought an amulet of reflection for 390 gold pieces
  6069 | D:7      | Noticed Maggie
  6081 | D:7      | Killed Maggie
  6082 | D:7      | Reached skill level 1 in Evocations
  6086 | D:7      | Noticed a hornet
  6096 | D:7      | Killed a hornet
  6097 | D:7      | Reached skill level 1 in Shields
  6097 | D:7      | Reached XP level 10. HP: 46/69 MP: 10/10
  6210 | D:7      | Found a flagged portal.
  6260 | Bailey   | Entered a bailey
  6741 | Bailey   | Noticed Grum
  6755 | Bailey   | Killed Grum
  6971 | D:7      | Noticed a cyan ugly thing
  6983 | D:7      | Killed a cyan ugly thing
  7157 | D:7      | Noticed a manticore
  7277 | D:7      | Found a staircase to the Ecumenical Temple.
  7284 | D:7      | Noticed Jeremiah
  7289 | D:7      | Killed Jeremiah
  7317 | Temple   | Entered the Ecumenical Temple
  7360 | D:7      | Reached XP level 11. HP: 75/75 MP: 11/11
  7717 | D:1      | Bought the ring "Koerph Gycel" {rElec rPois Dex+6} for 704
                  | gold pieces
  7885 | D:5      | Killed ShellytheWitch's ghost
  8026 | D:7      | Killed a manticore
  8582 | D:8      | Found a shimmering blue altar of Sif Muna.
  8729 | D:9      | Reached skill level 1 in Spellcasting
  9217 | D:9      | Found a staircase to the Lair.
  9416 | D:9      | Found Waoluf's Book Emporium.
  9818 | D:10     | Entered Level 10 of the Dungeon
 10149 | D:10     | Noticed a skeletal warrior
 10152 | D:10     | Noticed Urug
 10199 | D:10     | Found a staircase to the Orcish Mines.
 10357 | D:10     | Identified the +0 plate armour "Bashron" {rPois}
 10678 | D:10     | Noticed a two-headed ogre
 10678 | D:10     | Noticed a soul eater
 10690 | D:10     | Killed a two-headed ogre
 10693 | D:10     | Noticed Joseph
 10698 | D:10     | HP: 2/78 [Urug/+1 demon trident of pain (19)]
 10698 | D:10     | Slain by a howler monkey

Illustrated notes

Levels and vault maps discovered:
D:1:      dpeg_cavernosity, layout_rooms, basic_ecumenical_altar, serial_shops,
          shop, minmay_tiny_reverse_x
D:2:      minmay_recursive_quarters, layout_loops_corners, basic_altar
D:3:      layout_rooms, portal_sewer_entry_f
D:4:      layout_cave_pools, chequers_temple_overflow_minitemple,
          hangedman_abyss_or_decor_slice, minmay_quadrilaterals, uniq_duvessa,
          uniq_crazy_yiuf_cottage
D:5:      layout_gridville, grunt_qazlal_sundering,
          gammafunk_temple_overflow_pools, hellmonk_ghost_happy_afterlife,
          uniq_prince_ribbit1
D:6:      layout_basic, minmay_pentangle, uniq_blork_the_orc
D:7:      layout_layer_cave, minmay_temple_entry_junction_2, enter_bailey_5,
          minmay_misc_feat_secret_circle, hangedman_minor_gate_pass,
          uniq_jeremiah, uniq_maggie
D:8:      layout_basic, led_sif_book, serial_library_hellmonk_room_b
D:9:      layout_loops_ring, minmay_lair_entry_grove, serial_shops,
          nicolae_shop_real_fake_doors
D:10:     layout_basic, minmay_orc_entry_temple_small,
          small_chamber_with_monster, minmay_chambers_of_fives, uniq_joseph,
          uniq_urug
Temple:   minmay_temple_curvy_branch

Skill      XL: |  1  2  3  4  5  6  7  8  9 10 11 |
---------------+----------------------------------+-----
Stealth        | 1 2 3 4 5 6 7 9 |  9.0
Fighting       | 2 3 4 5 6 7 8 |  8.3
Dodging        | 3 4 5 6 7 8 |  8.5
Unarmed Combat | 4 5 6 7 8 9 |  9.0
Shapeshifting  | 4 5 6 7 8 |  8.2
Evocations     | 1 3 4 |  4.2
Shields        | 1 2 3 |  3.8
Spellcasting   | 2 |  2.2

Action                     |  1- 3 |  4- 6 |  7- 9 | 10-12 || total
---------------------------+-------+-------+-------+-------++-------
  Melee: Unarmed           |    81 |    90 |   236 |   419 ||   826
         Constrict         |    22 |    21 |    53 |    87 ||   183
         Tentacles         |    13 |    26 |    58 |   126 ||   223
         Punch             |     1 |       |    14 |    14 ||    29
  Evoke: Wand              |       |       |       |     4 ||     4
         Tin of tremorston |       |       |       |     2 ||     2
    Use: Scroll            |     4 |     5 |    11 |     5 ||    25
         Potion            |       |       |       |     2 ||     2
   Stab: Sleeping          |     6 |    12 |    10 |    10 ||    38
         Distracted        |       |       |     4 |     1 ||     5
 Armour: Skin              |    21 |    27 |    75 |   120 ||   243
  Dodge: Dodged            |    51 |    63 |   186 |   243 ||   543
  Block: Kite shield       |       |       |     5 |   183 ||   188
         Other             |       |       |     4 |    28 ||    32
         Reflection        |       |       |       |     7 ||     7
   Form: Flux              |       |       |       |     1 ||     1

Table legend: (Time is in decaauts)
 A = Elapsed time spent in this place.
 B = Non-inter-level travel time spent in this place.
 C = Inter-level travel time spent in this place.
 D = Time resting spent in this place.
 E = Time spent auto-exploring this place.
 F = Levels seen in this place.
 G = Mean time per level.
                   A        B        C        D        E       F      G
               +--------+--------+--------+--------+--------+-----+--------+
         Total |  10659 |   9855 |    804 |    892 |   5153 |  13 |  819.9 |
       Dungeon |   9833 |   9029 |    804 |    833 |   4845 |  10 |  983.3 |
        Temple |      1 |      1 |      0 |      0 |      0 |   1 |    1.0 |
         Sewer |    136 |    136 |      0 |      0 |     89 |   1 |  136.0 |
        Bailey |    688 |    688 |      0 |     59 |    219 |   1 |  688.0 |
               +--------+--------+--------+--------+--------+-----+--------+

Top non-repeatable levels by time:
     D:6: 1297 daAuts
     D:5: 1278 daAuts
     D:7: 1144 daAuts
     D:2: 1110 daAuts
     D:4: 1024 daAuts
     D:9: 974 daAuts
    D:10: 871 daAuts
     D:1: 841 daAuts
  Bailey: 688 daAuts
     D:3: 682 daAuts
     D:8: 606 daAuts
   Sewer: 136 daAuts
  Temple: 1 daAuts
